 Dungeon Crawl Stone Soup version 0.30-a0-883-g5ad918d77d (webtiles) character file.

Game seed: 14103651740961452983

16 Pimp the Insei (level 2, 0/18 HPs)
             Began as an Octopode Transmuter on Mar 16, 2023.
             Slain by an endoplasm (3 damage)
             ... on level 1 of the Dungeon.
             The game lasted 00:01:00 (321 turns).

Pimp the Insei (Octopode Transmuter)                 Turns: 321, Time: 00:01:01

Health: 0/18       AC:  1    Str:  9    XL:     2   Next: 54%
Magic:  4/5        EV: 13    Int: 15    God:
Gold:   23         SH:  0    Dex: 12    Spells: 4/5 levels left

rFire   . . .      SeeInvis .      - Unarmed
rCold   . . .      Faith    .    (no shield)
rNeg    . . .      Spirit   .    (helmet currently unavailable)
rPois   .          Reflect  .    (no amulet)
rElec   .          Rampage  .    (no ring)
rCorr   .                        (no ring)
Will    .....                    (no ring)
Stlth   ++                       (no ring)
HPRegen 0.23/turn                (no ring)
MPRegen 0.09/turn                (no ring)
                                 (no ring)
                                 (no ring)

@: appendages
A: tentacle spike 3, almost no armour, amphibious, 8 rings, camouflage 1,
gelatinous body 1, (nimble swimmer 1), tentacles
a: End Transformation


You were on level 1 of the Dungeon.
One of your tentacles had grown a beastly spike.
You visited 1 branch of the dungeon, and saw 1 of its levels.

You collected 23 gold pieces.

Inventory:

Scrolls
 b - 3 scrolls of magic mapping
Potions
 a - a potion of lignification


   Skills:
 + Level 1.3 Fighting
 + Level 2.1 Dodging
 * Level 3.2 Unarmed Combat
 + Level 2.1 Spellcasting
 + Level 2.2 Transmutations


You had 4 spell levels left.
You knew the following spells:

 Your Spells              Type           Power      Damage    Failure   Level
a - Beastly Appendage     Tmut           16%        N/A       9%          1

Your spell library contained the following spells:

 Spells                   Type           Power      Damage    Failure   Level
 Wereblood                Tmut           8%         N/A       13%         2
 Spider Form              Tmut/Pois      4%         N/A       38%         3
 Frozen Ramparts          Ice            2%         1d1       54%         3
 Ice Form                 Ice/Tmut       4%         N/A       80%         4
 Summon Ice Beast         Ice/Summ       1%         N/A       91%         4


Dungeon Overview and Level Annotations

Branches:
Dungeon (1/15)

Altars:


Innate Abilities, Weirdness & Mutations

One of your tentacles has grown a beastly spike.
You cannot wear most types of armour.
You are amphibious.
You can wear up to eight rings at the same time.
Your skin changes colour to match your surroundings (Stealth+).
Your rubbery body absorbs attacks. (AC +1, EV +1)
((You are camouflaged when in or above water. (Stealth+)))
You have tentacles for arms and can constrict up to eight enemies at once.


Message History

A kobold and a ball python come into view.
The endoplasm quivers.
The endoplasm jiggles.
The kobold shouts!
You hear a bark! x2
A goblin comes into view. It is wielding a +0 club.
A jackal comes into view.
The endoplasm freezes you.
You are frozen.
The jackal moves out of view.
The ball python hisses angrily.
You tentacle-slap the endoplasm but do no damage.
You tentacle-slap the endoplasm.
The endoplasm is lightly wounded.
You hear a bark!
A jackal comes into view.
The endoplasm hits you. The endoplasm misses you.
The kobold attacks as you move away! The kobold hits you with a +0 club.
The endoplasm attacks as you move away! The endoplasm closely misses you.
Casting: Beastly Appendage (safe; 9% risk of failure)
Confirm with . or Enter, or press ? or * to list all spells.
One of your tentacles grows a vicious spike.
The jackal barks!
You hear a bark!
The endoplasm freezes you.
You are frozen.
* * * LOW HITPOINT WARNING * * *
You tentacle-slap the endoplasm.
The endoplasm is heavily wounded.
A jackal comes into view.
The endoplasm hits you.
* * * LOW HITPOINT WARNING * * *
Okay, then.
As you read the scroll labelled OSCHAT SOQOPO, it crumbles to dust.
You feel aware of your surroundings.
It was a scroll of magic mapping.
The endoplasm closely misses you.
As you read the scroll labelled GEYDGH QEEFAIGA, it crumbles to dust.
It is a scroll of identify.
You don't currently have any unidentified items.
A jackal comes into view.
The endoplasm hits you.
You die...

.....###.####..#....# ...### #..#
##.#....# ...#* ##.####.##..^#
....###*#...##..#...#######******
.##.....#...###.#...#.....#..,,,*
.,*####.....# *.....>........,,,,
#,,,..###...##*###...........,,,,
****#........######g.........,,,,
#####.......@JKS.h......h,,,,
#...#######h.........,,,, #####
#..........,,,, ##...h.....,,,,
##.....#..,,,* #######******


You could see an endoplasm, 3 jackals, a goblin, a ball python and a kobold.

Vanquished Creatures
  2 ball pythons (D:1)
  3 bats (D:1)
  4 endoplasms (D:1)
  A goblin (D:1)
  A hobgoblin (D:1)
  A kobold (D:1)
  A frilled lizard (D:1)
13 creatures vanquished.

Notes
Turn   | Place    | Note
-------+----------+-------------------------------------------
     0 | D:1      | Pimp the Octopode Transmuter began the quest for the Orb.
     0 | D:1      | Reached XP level 1. HP: 13/13 MP: 3/3
   111 | D:1      | Reached XP level 2. HP: 18/18 MP: 5/5
   321 | D:1      | Slain by an endoplasm

Illustrated notes

Levels and vault maps discovered:
D:1:      minmay_arrival_semitransparent, layout_rooms, minmay_domino_2

Action                     || total
---------------------------++-------
  Melee: Unarmed           ||    29
         Constrict         ||     6
         Tentacles         ||     5
         Kick              ||     1
         Punch             ||     1
   Cast: Beastly Appendage ||     2
    Use: Scroll            ||     2
   Stab: Sleeping          ||     1
 Armour: Skin              ||     4
  Dodge: Dodged            ||    33

Table legend: (Time is in decaauts)
 A = Elapsed time spent in this place.
 B = Non-inter-level travel time spent in this place.
 C = Inter-level travel time spent in this place.
 D = Time resting spent in this place.
 E = Time spent auto-exploring this place.
 F = Levels seen in this place.
 G = Mean time per level.
                   A        B        C        D        E       F      G
               +--------+--------+--------+--------+--------+-----+--------+
         Total |    319 |    319 |      0 |      7 |    199 |   1 |  319.0 |
       Dungeon |    319 |    319 |      0 |      7 |    199 |   1 |  319.0 |
               +--------+--------+--------+--------+--------+-----+--------+

Top non-repeatable levels by time:
     D:1: 319 daAuts
